 Dungeon Crawl Stone Soup version 0.31-b1-17-gcfd88c8481 (webtiles) character file.

Game seed: 8275347256758522538

4484 groovy9 the Destroyer (level 10, -1/50 HPs)
             Began as a Deep Elf Conjurer on Jan 15, 2024.
             Was a Follower of Vehumet.
             Shot with an arrow by a centaur (7 damage)
             ... on level 9 of the Dungeon.
             The game lasted 00:25:08 (9123 turns).

groovy9 the Destroyer (Deep Elf Conjurer)           Turns: 9123, Time: 00:25:08

Health: -1/50      AC:  8    Str:  3    XL:     10   Next: 16%
Magic:  1/27       EV: 11    Int: 32    God:    Vehumet [*.....]
Gold:   311        SH:  0    Dex: 12    Spells: 21/32 levels left

rFire   + + +        r - +0 dagger
rCold   . . .        s - orb {mayhem}
rNeg    . . .        b - +2 leather armour {rF+}
rPois   .            n - +0 hat
rElec   .            g - +1 cloak
rCorr   .            (no gloves)
SInv    .            m - +0 pair of boots
Will    ++...        (no amulet)
Stlth   ++           d - ring of protection from fire
HPRegen 0.28/turn    e - ring of protection from fire
MPRegen 0.20/turn

%: mayhem
@: hasted, very quick
A: clever 1, fire resistance 1, strong-willed 1
a: Renounce Religion


You were on level 9 of the Dungeon.
You worshipped Vehumet.
Vehumet was aware of your devotion.
You visited 2 branches of the dungeon, and saw 10 of its levels.

You collected 311 gold pieces.

Inventory:

Hand Weapons
 r - a +0 dagger (weapon)
Missiles
 x - a throwing net
Armour
 a - a +0 robe
 b - a +2 leather armour of fire resistance (worn)
 g - a +1 cloak (worn)
 m - a +0 pair of boots (worn)
 n - a +0 hat (worn)
 s - an orb of mayhem (worn)
Jewellery
 d - a ring of protection from fire (left hand)
 e - a ring of protection from fire (right hand)
 q - a +6 ring of strength
Wands
 l - a wand of paralysis (9)
 t - a wand of flame (17)
 y - a wand of quicksilver (7)
 B - a wand of roots (2)
Scrolls
 c - a scroll of torment
 j - 3 scrolls of revelation {unknown}
 o - 3 scrolls of enchant armour
 v - a scroll of poison
 w - a scroll of enchant weapon
 A - a scroll of blinking {unknown}
Potions
 f - 2 potions of brilliance
 h - 2 potions of lignification
 k - 3 potions of degeneration
 p - a potion of attraction
 u - 2 potions of resistance
 C - a potion of curing


   Skills:
 - Level 2.4 Dodging
 - Level 2.4 Stealth
 + Level 11.6 Spellcasting
 * Level 13.8 Conjurations


You had 21 spell levels left.
You knew the following spells:

 Your Spells              Type           Power      Damage    Failure   Level
a - Magic Dart            Conj           100%       1d8       1%          1
b - Searing Ray           Conj           100%       2d8       1%          2
c - Fulminant Prism       Conj/Alch      29%        3d14      3%          4
d - Iskenderun's Mystic   Conj/Tloc      58%        2d12      3%          4

Your spell library contained the following spells:

 Spells                   Type           Power      Damage    Failure   Level
 Sting                    Conj/Alch      100%       1d9       1%          1
 Fugue of the Fallen      Necr           18%        N/A       16%         3
 Gell's Gravitas          Tloc           18%        N/A       16%         3
 Ozocubu's Armour         Ice            18%        N/A       16%         3
 Teleport Other           Tloc           18%        N/A       16%         3
 Manifold Assault         Tloc           18%        N/A       45%         4
 Dispersal                Tloc           9%         N/A       100%        6


Dungeon Overview and Level Annotations

Branches:
Dungeon (9/15)             Temple (1/1) D:7            Lair (0/5) D:8
    Orc: D:9-12

Altars:
Ashenzari
Cheibriados
Dithmenos
Elyvilon
Fedhas
Gozag
Hepliaklqana
Kikubaaqudgha
Makhleb
Nemelex Xobeh
Okawaru
Qazlal
Ru
Sif Muna
Trog
Uskayaw
Vehumet
Wu Jian
Xom
Yredelemnul
Zin
The Shining One

Portals:
Abyss: D:5

Annotations:
D:5 2 transporters, Esekla's ghost, weakling OpDe


Innate Abilities, Weirdness & Mutations

Your mind is acute. (Int +4, Str/Dex -1)
Your flesh is heat resistant. (rF+)
You are strong-willed. (Will+)


Message History

Casting: Iskenderun's Mystic Blast (dangerous; 3% risk of failure)
Confirm with . or Enter, or press ? or * to list all spells.
Aiming: Searing Ray (safe; 1% risk of failure)
Press: ? - help, Shift-Dir - straight line, f - killer bee
Aim: a killer bee (almost dead, fast, strong, frenzied and wild, 65% to hit)
The searing ray hits the killer bee.
You kill the killer bee!
Vehumet accepts your kill. (Press . to maintain the ray.)
Casting: Searing Ray (safe; 1% risk of failure)
Confirm with . or Enter, or press ? or * to list all spells.
Restarting spell: Searing Ray (safe; 1% risk of failure)
Press: ? - help, Shift-Dir - straight line, f - orc
Aim: an orc, wielding a +2 dagger of speed and wearing a +0 kite shield (85% to hit)
The searing ray hits the orc!
You kill the orc!
Vehumet accepts your kill. (Press . to maintain the ray.)
Your surroundings suddenly seem different.
A centaur comes into view.
Found a scroll labelled VAXTEGRUHUIN.
Found an escape hatch in the ceiling.
The centaur wields a +0 shortbow.
The centaur shoots an arrow.
The arrow hits you.
An orc comes into view. It is wielding a +0 flail.
The orc shouts!
The centaur shoots an arrow.
The arrow hits you!
The centaur shoots an arrow.
The arrow closely misses you.
The centaur shoots an arrow.
The arrow hits you!
You see here a scroll labelled VAXTEGRUHUIN.
The centaur shoots an arrow.
The arrow hits you!
* * * LOW HITPOINT WARNING * * *
The centaur shoots an arrow.
The arrow hits you.
* * * LOW HITPOINT WARNING * * *
An orc comes into view. It is wielding a +2 whip of freezing.
The centaur shoots an arrow.
The arrow hits you.
* * * LOW HITPOINT WARNING * * *
You feel yourself speed up.
The orc warrior shouts!
The centaur shoots an arrow.
The arrow hits you!
You die...

#).....#
##o#...$...#
....)....>..#
#.o.#.........
####.#.........##.#
####....#o#.#.##..#
# #. ...<..........
..#
#.####...........
...
#.......@.......#
#......##..#....#
#...............#
...c....?......#
.###.......#.#.#
#......o#.# # #
#.......#.#
#######.#.. #.#.##


You could see an orc warrior, a centaur and 3 orcs.

Vanquished Creatures
  Jeremiah (D:6)
  A komodo dragon (D:8)
  Sigmund (D:5)
  A wraith (D:9)
  A basilisk (D:8)
  Grum (D:8)
  2 acid dragons
  3 water moccasins
  3 orc warriors
  A black bear (D:6)
  A sky beast (D:7)
  A hornet zombie (D:6)
  3 wolves (D:8)
  A centaur (D:5)
  5 bullfrogs
  3 scorpions
  2 necrophages
  4 killer bees (D:9)
  A howler monkey (D:7)
  2 lava snakes (D:7)
  A bombardier beetle (D:5)
  2 bullfrog zombies (D:6)
  3 jellies
  A centaur zombie (D:6)
  3 hounds
  A human zombie (D:6)
  3 orc priests (D:8)
  4 iguanas
  4 orc wizards
  A killer bee zombie (D:6)
  A hound skeleton (D:8)
  4 mummies (D:6)
  A howler monkey zombie (D:6)
  7 gnolls
  4 adders
  3 white imps
  2 ufetubi (D:7)
  4 dart slugs
  17 orcs
  10 ball pythons
  5 bats
  7 endoplasms
  2 giant cockroaches
  8 goblins
  5 hobgoblins
  4 jackals (D:3)
  A quokka (D:2)
  6 frilled lizards
  3 kobolds
  6 rats
161 creatures vanquished.

Vanquished Creatures (collateral kills)
  A basilisk (D:8)
  4 orcs
  A fulminant prism (D:9)
6 creatures vanquished.

Vanquished Creatures (others)
  2 orc priests
  An orc (D:9)
  10 fulminant prisms
13 creatures vanquished.

Grand Total: 180 creatures vanquished

Notes
Turn   | Place    | Note
-------+----------+-------------------------------------------
     0 | D:1      | groovy9 the Deep Elf Conjurer began the quest for the Orb.
     0 | D:1      | Reached XP level 1. HP: 10/10 MP: 6/6
   224 | D:1      | Reached XP level 2. HP: 8/15 MP: 5/8
   280 | D:1      | Learned a level 2 spell: Searing Ray
   658 | D:1      | Reached skill level 5 in Conjurations
  1127 | D:2      | Reached XP level 3. HP: 19/19 MP: 8/10
  1144 | D:2      | Found a bloodstained altar of Trog.
  1573 | D:2      | Reached XP level 4. HP: 24/24 MP: 7/12
  1578 | D:2      | Learned a level 4 spell: Fulminant Prism
  1583 | D:2      | Learned a level 4 spell: Iskenderun's Mystic Blast
  1972 | D:3      | Found an opulent altar of Gozag.
  1973 | D:3      | Found a sacrificial altar of Ru.
  2392 | D:3      | Reached skill level 6 in Conjurations
  2850 | D:4      | Noticed a water moccasin
  2854 | D:4      | Killed a water moccasin
  2855 | D:4      | Reached skill level 5 in Spellcasting
  2855 | D:4      | Reached XP level 5. HP: 28/28 MP: 7/14
  2918 | D:4      | Found a bloodstained altar of Trog.
  3552 | D:5      | Entered Level 5 of the Dungeon
  3590 | D:5      | Gained mutation: Your flesh is heat resistant. (rF+)
                  | [potion of mutation]
  3590 | D:5      | Gained mutation: You are strong-willed. (Will+) [potion of
                  | mutation]
  3590 | D:5      | Gained mutation: Your mind is acute. (Int +4, Str/Dex -1)
                  | [potion of mutation]
  3608 | D:5      | Reached skill level 7 in Conjurations
  3693 | D:5      | Noticed Sigmund
  3701 | D:5      | Killed Sigmund
  3702 | D:5      | Reached XP level 6. HP: 25/32 MP: 6/17
  3789 | D:5      | Found a transporter.
  3916 | D:5      | Found a one-way gate to the infinite horrors of the Abyss.
  3916 | D:5      | Noticed Esekla's ghost (weakling OpDe)
  3939 | D:5      | Found a transporter.
  3956 | D:5      | Reached skill level 8 in Conjurations
  3956 | D:5      | Reached XP level 7. HP: 31/36 MP: 10/18
  4748 | D:6      | Reached skill level 9 in Conjurations
  5212 | D:6      | Reached XP level 8. HP: 41/41 MP: 14/21
  5531 | D:6      | Found a basalt altar of Yredelemnul.
  5680 | D:6      | Reached skill level 10 in Conjurations
  5983 | D:6      | Noticed Jeremiah
  6001 | D:6      | Killed Jeremiah
  6134 | D:6      | Reached skill level 11 in Conjurations
  6613 | D:7      | Reached XP level 9. HP: 45/45 MP: 20/24
  6672 | D:7      | Found a staircase to the Ecumenical Temple.
  6680 | Temple   | Entered the Ecumenical Temple
  6741 | D:7      | Found a glowing golden altar of the Shining One.
  7306 | D:7      | Found an ornate altar of the Wu Jian Council.
  7545 | D:8      | Found a radiant altar of Vehumet.
  7552 | D:8      | Became a worshipper of Vehumet
  7578 | D:8      | Reached skill level 10 in Spellcasting
  7578 | D:8      | Reached skill level 12 in Conjurations
  7878 | D:8      | Found a burning altar of Makhleb.
  8051 | D:8      | Noticed Grum
  8057 | D:8      | Killed Grum
  8059 | D:8      | Reached skill level 13 in Conjurations
  8220 | D:8      | Noticed a komodo dragon
  8228 | D:8      | Killed a komodo dragon
  8337 | D:8      | Found a staircase to the Lair.
  8613 | D:8      | Found a glowing silver altar of Zin.
  8619 | D:8      | Reached XP level 10. HP: 50/50 MP: 18/27
  8674 | D:8      | Found a shimmering blue altar of Sif Muna.
  8674 | D:8      | Found an ancient bone altar of Kikubaaqudgha.
  8678 | D:8      | Found a broken altar of Ashenzari.
  9112 | D:9      | Reached * piety under Vehumet
  9112 | D:9      | Offered knowledge of Sting by Vehumet.
  9123 | D:9      | Shot with an arrow by a centaur

Illustrated notes

Levels and vault maps discovered:
D:1:      eino_arrival_cavern_d, layout_basic, hex_large, minmay_pentomino_o2
D:2:      layout_basic, basic_altar
D:3:      layout_rooms, chequers_temple_overflow_statue_of_worship
D:4:      layout_loops_ring, lemuel_crystal_altar
D:5:      layout_basic, gammafunk_ghost_abyssal_escape, uniq_sigmund
D:6:      layout_basic, lemuel_mausoleum_altar_yredelemnul, dk_noncrumbling_2,
          uniq_jeremiah
D:7:      layout_cave_pools, tso_altar, nicolae_wu_jian_glorious_leap,
          temple_statues, grunt_decor_resistance, grunt_decor_junction
D:8:      layout_basic, makhleb_blood_cavern_becter, minitemple,
          mainiacjoe_overflow_chevrons, erik_lair_dragon, uniq_grum
D:9:      layout_basic, special_room [special_room_orc], minivault_7,
          uniq_maggie
Temple:   chequers_temple_sunken

Skill      XL: |  1  2  3  4  5  6  7  8  9 |
---------------+----------------------------+-----
Conjurations   | 5 6 7 8 9 11 13 | 13.8
Spellcasting   | 4 5 6 7 9 11 | 11.6
Dodging        | |  2.4
Stealth        | |  2.4

Action                     |  1- 3 |  4- 6 |  7- 9 | 10-12 || total
---------------------------+-------+-------+-------+-------++-------
  Melee: Unarmed           |     2 |       |       |       ||     2
         Dagger            |       |       |     1 |       ||     1
   Cast: Magic Dart        |    46 |    51 |    57 |     8 ||   162
         Searing Ray       |    10 |    10 |    62 |     9 ||    91
         Fulminant Prism   |       |       |     9 |     2 ||    11
         Iskenderun's Myst |       |       |    10 |     5 ||    15
    Use: Scroll            |       |     8 |     4 |     2 ||    14
         Potion            |       |     7 |     1 |     1 ||     9
 Armour: Robe              |     4 |     2 |    37 |       ||    43
         Skin              |       |     1 |       |       ||     1
         Leather armour    |       |       |     7 |    14 ||    21
  Dodge: Dodged            |     9 |     5 |    35 |     3 ||    52
